 Dungeon Crawl Stone Soup version 0.28.0-53-g5a82cb258f (webtiles) character file.

Game seed: 2131534062403097235

7 Descartes the Ducker (level 1, -1/9 HPs)
             Began as a Felid Wanderer on May 20, 2022.
             Slain by a quokka (3 damage)
             ... on level 1 of the Dungeon.
             The game lasted 00:00:51 (306 turns).

Descartes the Ducker (Felid Wanderer)                Turns: 306, Time: 00:00:51

Health: -1/9       AC:  1    Str: 11    XL:     1   Next: 91%
Magic:  3/3        EV: 18    Int: 13    God:
Gold:   44         SH:  0    Dex: 12    Spells: 1/2 levels left
                                        Lives:  0   Deaths: 0

rFire   . . .      SeeInvis +   (weapon unavailable)
rCold   . . .      Faith    .   (shield unavailable)
rNeg    . . .      Spirit   .   (armour unavailable)
rPois   .          Reflect  .   (helmet unavailable)
rElec   .          Harm     .   (cloak unavailable)
rCorr   .          Rampage  .   (gloves unavailable)
Will    .....                   (boots unavailable)
Stlth   +.........              (no amulet)
HPRegen 0.03/turn               (no ring)
MPRegen 0.08/turn               (no ring)

@: quick
A: very small, claws 1, fangs 3, see invisible, speed 1, shaggy fur 1, stealthy
paws, no weapons or thrown items, no armour, multi-lived
a: no special abilities


You were on level 1 of the Dungeon.
You visited 1 branch of the dungeon, and saw 1 of its levels.

You collected 44 gold pieces.

Inventory:

Wands
 a - a wand of polymorph (7)


   Skills:
 - Level 1.0 Fighting
 + Level 5.4 Dodging
 + Level 0.7 Unarmed Combat
 - Level 1.0 Spellcasting
 + Level 3.5 Transmutations
 - Level 1.1 Evocations


You had one spell level left.
You knew the following spells:

 Your Spells              Type           Power      Damage    Failure   Level
a - Sting                 Tmut/Pois      20%        1d4       14%         1

Your spell library contained the following spells:

 Spells                   Type           Power      Damage    Failure   Level
 Ignite Poison            Fire/Tmut/Pois 3%         N/A       45%         3


Dungeon Overview and Level Annotations

Branches:
Dungeon (1/15)

Altars:

Shops:
D:1 ?


Innate Abilities, Weirdness & Mutations

You have sharp claws.
You have razor-sharp teeth.
You have supernaturally acute eyesight. (SInv)
You cover ground quickly. (Speed+)
You are covered in fur. (AC +1)
Your paws help you pounce on unaware monsters.
You are incapable of wielding weapons or throwing items.
You cannot wear armour.
You gain extra lives every three experience levels.


Message History

No target in view!
No target in view!
No target in view!
No target in view!
No target in view!
No target in view!
No target in view!
No target in view!
No target in view!
No target in view!
No target in view!
A quokka comes into view.
Found a stone staircase leading down.
The quokka closely misses you.
You scratch the quokka but do no damage.
You bite the quokka, but do no damage. The quokka bites you.
You barely miss the quokka. Your bite misses the quokka.
The quokka completely misses you. The quokka barely misses you.
You completely miss the quokka. The quokka barely misses you.
You scratch the quokka. You bite the quokka.
The quokka is almost dead.
The quokka bites you.
* * * LOW HITPOINT WARNING * * *
You are too injured to fight recklessly!
You are too injured to fight recklessly!
You are too injured to fight recklessly!
You are too injured to fight recklessly!
You are too injured to fight recklessly!
You are too injured to fight recklessly!
A quokka is nearby!
You barely miss the quokka. Your bite misses the quokka.
The quokka is almost dead.
The quokka completely misses you.
You barely miss the quokka.
The quokka is almost dead.
The quokka misses you.
You barely miss the quokka.
The quokka is almost dead.
The quokka bites you.
You die...

########.#######......
.........# ##.....
.#####.#.## ##...#
###.###.## ##.## ..# ##.#
#... #.##.###.## #.##
##.#. #.#..# ###.##
..>...###.#.# ####.....
......r@..#.............
##.#..#########.# #.....
#.. #.# #..... #..# #.#
#.....
..#########.###.##.. #
#.#.............#.## #.
#.#.####.........### #
#.##..[.(..#.#.###.#.#
#..#.....#...###......##.#


You could see a quokka.

Vanquished Creatures
  An endoplasm (D:1)
  A hobgoblin (D:1)
  A quokka (D:1)
  A frilled lizard (D:1)
  2 kobolds (D:1)
  A rat (D:1)
7 creatures vanquished.

Notes
Turn   | Place    | Note
-------+----------+-------------------------------------------
     0 | D:1      | Descartes the Felid Wanderer began the quest for the Orb.
     0 | D:1      | Descartes set off with the following items: a wand of
                  | polymorph (7); and the following spell memorised: Sting;
                  | and the following spells available to memorise: Ignite
                  | Poison
     0 | D:1      | Reached XP level 1. HP: 9/9 MP: 3/3
     7 | D:1      | Found Totuipeud's Magic Scroll Boutique.
   306 | D:1      | Slain by a quokka

Illustrated notes

Levels and vault maps discovered:
D:1:      mrwooster_arrival_arrow, layout_loops_ring, serial_shops, shop,
          ebering_ecumenical_altar_abandoned

Action                   || total
-------------------------++-------
Melee: Unarmed           ||    44
       Bite              ||     4
Dodge: Dodged            ||    35
